 Seeded DCSS version 0.29.1-13-g9f3cf754e1 (webtiles) character file.

Game seed: 16150342644566646004 (custom seed)

130 ueste the Magician (level 5, 0/36 HPs)
             Began as a Merfolk Hedge Wizard on Feb 2, 2023.
             Slain by a goblin
             ... wielding a +0 club
              (4 damage)
             ... on level 3 of the Dungeon.
             The game lasted 01:32:02 (7145 turns).

ueste the Magician (Merfolk Hedge Wizard)           Turns: 7145, Time: 01:32:02

Health: 0/36       AC:  2    Str: 11    XL:     5   Next: 14%
Magic:  3/11       EV: 17    Int: 15    God:
Gold:   141        SH:  0    Dex: 19    Spells: 4/12 levels left

rFire   . . .      SeeInvis .   g - +0 short sword
rCold   . . .      Faith    .   (no shield)
rNeg    . . .      Spirit   .   b - +0 robe
rPois   .          Reflect  .   c - +0 hat
rElec   .          Harm     .   (no cloak)
rCorr   .          Rampage  .   (no gloves)
Will    .....                   (no boots)
Stlth   ++........              (no amulet)
HPRegen 0.12/turn               r - +4 ring of evasion
MPRegen 0.12/turn               e - +6 ring of dexterity

@: no status effects
A: (nimble swimmer 2), mertail
a: no special abilities


You were on level 3 of the Dungeon.
You visited 1 branch of the dungeon, and saw 3 of its levels.

You collected 141 gold pieces.

Inventory:

Hand Weapons
 a - a +0 dagger
 g - a +0 short sword (weapon)
 i - a +0 whip
 j - a +0 sling
 m - a +0 club
 o - a +0 hand axe
 D - a +0 dagger
 F - a +0 club
 G - a +0 dagger
 H - a +0 dagger
 J - a +0 whip
 K - a +0 quarterstaff
 L - a +0 dagger
 M - a +0 club
 O - a +0 club
 Q - a +0 club
 R - a +0 sling
 T - a +0 sling
 U - a +4 sling
 V - a +0 club
 W - a +0 club
 X - a +0 club
 Y - a +0 club
Missiles
 f - 27 stones
Armour
 b - a +0 robe (worn)
 c - a +0 hat (worn)
 h - a +0 robe
 l - a +0 leather armour
 q - a +0 leather armour
 x - a +0 chain mail
 y - a +0 leather armour
 N - a +0 scale mail
Jewellery
 e - a +6 ring of dexterity (right hand)
 r - a +4 ring of evasion (left hand)
Wands
 A - a wand of iceblast (5)
Scrolls
 s - a scroll of teleportation
 u - a scroll of identify
 S - 2 scrolls of noise
Potions
 d - a potion of magic
 k - 2 potions of attraction {unknown}
 n - 2 potions of degeneration
 E - a potion of haste {unknown}
 Z - a potion of heal wounds {unknown}


   Skills:
 + Level 0.3 Fighting
 + Level 1.7 Short Blades
 + Level 0.3 Ranged Weapons
 + Level 0.6 Armour
 + Level 3.0 Dodging
 + Level 2.3 Stealth
 + Level 4.1 Spellcasting
 + Level 1.7 Conjurations
 + Level 1.2 Summonings
 + Level 0.8 Translocations


You had 4 spell levels left.
You knew the following spells:

 Your Spells              Type           Power      Damage    Failure   Level
a - Magic Dart            Conj           32%        1d4       9%          1
c - Call Imp              Summ           6%         N/A       16%         2
d - Blink                 Tloc           10%        N/A       19%         2
e - Conjure Flame         Conj/Fire      5%         6-21      36%         3

Your spell library contained the following spells:

 Spells                   Type           Power      Damage    Failure   Level
 Slow                     Hex            12%        N/A       19%         1
 Ensorcelled Hibernation  Hex/Ice        6%         N/A       26%         2
 Passwall                 Tmut/Erth      2%         N/A       26%         2
 Mephitic Cloud           Conj/Pois/Air  4%         N/A       38%         3
 Swiftness                Air            3%         N/A       47%         3


Dungeon Overview and Level Annotations

Branches:
Dungeon (3/15)

Altars:
Cheibriados
Hepliaklqana
Zin

Shops:
D:1 *


Innate Abilities, Weirdness & Mutations

((You are very nimble when in or above water. (Stealth+, EV+, Speed+++)))
Your lower body shifts to a powerful aquatic tail in water.


Message History

The hobgoblin misses you. The goblin attacks as you move away!
The goblin completely misses you.
You swap places.
The goblin closely misses you.
Your crimson imp blinks!
The goblin attacks as you move away! The goblin closely misses you.
The goblin attacks as you move away! The goblin completely misses you.
Your crimson imp hits the hobgoblin.
The goblin attacks as you move away! The goblin completely misses you.
The goblin attacks as you move away! The goblin completely misses you.
The hobgoblin attacks as you move away! The hobgoblin hits you with a +0 club.
* * * LOW HITPOINT WARNING * * *
The gnoll barely misses your crimson imp.
The hobgoblin attacks as you move away! The hobgoblin completely misses you.
Your crimson imp disappears in a puff of smoke!
Casting: Call Imp (safe; 16% risk of failure)
Confirm with . or Enter, or press ? or * to list all spells.
A beastly little devil appears in a puff of flame.
The goblin barely misses you. The hobgoblin hits you with a +0 club.
* * * LOW HITPOINT WARNING * * *
The hobgoblin attacks as you move away! The hobgoblin closely misses you.
There is an open door here.
Things that are here:
a +0 club; a +0 club; a hobgoblin skeleton The hobgoblin attacks as you move away!
The hobgoblin closely misses you.
The gnoll hits your crimson imp with a +0 spear!
Your crimson imp barely misses the gnoll.
The goblin attacks as you move away! The goblin hits you with a +0 club.
* * * LOW HITPOINT WARNING * * *
The gnoll hits your crimson imp with a +0 spear.
Your crimson imp hits the gnoll.
Aiming: Iceblast
Press: ? - help, Shift-Dir - straight line
Okay, then.
The gnoll barely misses your crimson imp.
Your crimson imp hits the gnoll.
Aiming: Iceblast
Press: ? - help, Shift-Dir - straight line
Okay, then.
The goblin attacks as you move away! The goblin hits you with a +0 club.
You die...

≈≈≈≈≈≈≈≈≈≈≈≈≈≈≈≈≈≈≈≈≈≈≈≈≈≈≈######
≈≈≈≈≈≈≈≈≈≈≈≈≈≈≈≈≈≈≈≈≈≈≈†≈≈≈≈≈≈≈≈≈
≈≈≈≈≈≈≈≈≈≈≈≈≈≈≈≈≈≈≈≈≈≈≈≈≈≈≈≈#####
#############################...#
...#...)...#.....## ##.....)#...#
...#.......'......###.......#...#
...#########.......#........##'##
....#.............)#...........#≈
....))..........@gg).5g........#≈
...)#.)............#..........)#≈
..)#########.......#........##)##
...#.......)......###.......#.g)#
.).#.......#.....## ##......#...#
''###########################...#
.)).~≈≈≈≈≈≈≈≈≈≈≈≈≈≈≈≈≈≈≈≈≈≈≈#####
...~~)≈≈≈≈≈≈~≈≈≈≈≈≈~≈≈≈≈≈≈≈≈≈≈≈≈≈
....≈~≈~~≈~~~~≈~≈~~~~~~~≈~~~≈~~~~


You could see a gnoll (ally target), a hobgoblin, a goblin and a friendly
crimson imp (summoned).

Vanquished Creatures
  2 gnolls (D:3)
  A dart slug (D:1)
  3 orcs (D:3)
  7 bats
  3 endoplasms
  17 goblins
  15 hobgoblins
  A quokka (D:3)
  3 ball pythons
  A frilled lizard (D:1)
  7 kobolds
  A rat (D:3)
61 creatures vanquished.

Vanquished Creatures (collateral kills)
  A gnoll (D:3)
  A dart slug (D:1)
  6 goblins (D:3)
  6 hobgoblins (D:3)
  4 jackals (D:3)
  A spectral goblin (D:3)
19 creatures vanquished.

Vanquished Creatures (others)
  43 plants (D:1)
  5 withered plants (D:3)
48 creatures vanquished.

Grand Total: 128 creatures vanquished

Notes
Turn   | Place    | Note
-------+----------+-------------------------------------------
     0 | D:1      | ueste the Merfolk Hedge Wizard began the quest for the Orb.
     0 | D:1      | Reached XP level 1. HP: 13/13 MP: 4/4
    10 | D:1      | Found Xetsim's General Store.
   666 | D:1      | Learned a level 1 spell: Slow
   905 | D:1      | Reached XP level 2. HP: 16/19 MP: 4/6
  1638 | D:1      | Reached skill level 1 in Conjurations
  3231 | D:1      | Reached skill level 1 in Short Blades
  3533 | D:1      | Reached XP level 3. HP: 24/24 MP: 8/8
  3543 | D:1      | Learned a level 2 spell: Call Imp
  3546 | D:1      | Learned a level 2 spell: Blink
  3550 | D:1      | Learned a level 3 spell: Conjure Flame
  4471 | D:3      | Found a hazy altar of Hepliaklqana.
  4836 | D:3      | Found a glowing silver altar of Zin.
  4956 | D:3      | Found a snail-covered altar of Cheibriados.
  5023 | D:3      | Found a faded altar of an unknown god.
  5279 | D:3      | Reached XP level 4. HP: 30/30 MP: 6/9
  6422 | D:3      | Reached skill level 4 in Spellcasting
  6757 | D:3      | Reached XP level 5. HP: 15/36 MP: 2/11
  7145 | D:3      | Slain by a goblin

Illustrated notes

Levels and vault maps discovered:
D:1:      dpeg_arrival_shrine, layout_basic, serial_shops, nicolae_shop_stone,
          serial_bayou_lagoon_a, roderic_serpentine_path
D:2:      layout_loops_cross, serial_shops, nicolae_square_shop, st_stairs_13
D:3:      minmay_goblin_kobold_castle, layout_basic, zin_scriptorium,
          cheibriados_altar_1, nicolae_hepliaklqana_monster_ancestors,
          shapermc_ecumenical_altar_flowoftime, guppyfry_early_orc_mine

Skill      XL: |  1  2  3  4 |
---------------+-------------+-----
Conjurations   | 1 |  1.7
Short Blades   | 1 |  1.7
Dodging        | 3 |  3.0
Spellcasting   | 4 |  4.1
Fighting       | |  0.3
Ranged Weapons | |  0.3
Armour         | |  0.6
Stealth        | |  2.3
Summonings     | |  1.2
Translocations | |  0.8

Action                   |  1- 3 |  4- 6 || total
-------------------------+-------+-------++-------
Melee: Short sword       |   141 |    42 ||   183
       Dagger            |     8 |       ||     8
       Tailslap          |     3 |       ||     3
       Punch             |     1 |       ||     1
 Fire: Sling             |     9 |     3 ||    12
 Cast: Magic Dart        |    47 |    37 ||    84
       Call Imp          |     6 |    11 ||    17
       Conjure Flame     |     1 |     3 ||     4
       Blink             |     1 |       ||     1
  Use: Scroll            |     5 |     3 ||     8
 Stab: Sleeping          |       |     1 ||     1
Armor: Robe              |     9 |     5 ||    14
       Leather armour    |     5 |       ||     5
       Chain mail        |     2 |       ||     2
Dodge: Dodged            |   119 |    58 ||   177
